 Dungeon Crawl Stone Soup version 0.14-a0-504-gf2529f3 (console) character file.

751 Kellhus the Ruinous (level 6, -2/35 HPs)
             Began as a High Elf Wizard on Oct 31, 2013.
             Slain by a gnoll
             ... wielding a +0,+0 spear
              (9 damage)
             ... on Level 4 of the Dungeon.
             The game lasted 00:06:25 (3373 turns).

Kellhus the Ruinous (High Elf Wizard)               Turns: 3373, Time: 00:06:25

HP  -2/35        AC  2     Str  9      XL: 6   Next: 72%
MP   4/20        EV 12     Int 25      God:
Gold 306         SH  0     Dex 13      Spells:  3 memorised,  8 levels left

Res.Fire  : . . .   See Invis. : .   y - -2,-1 orc whip (curse)
Res.Cold  : . . .   Warding    : .   a - +0 elf robe
Life Prot.: . . .   Conserve   : .   (no shield)
Res.Poison: .       Res.Corr.  : .   b - +0 elf wizard hat
Res.Elec. : .       Clarity    : .   (no cloak)
Sust.Abil.: . .     Spirit.Shd : .   (no gloves)
Res.Mut.  : .       Stasis     : .   (no boots)
Res.Rott. : .       Flight     : .   (no amulet)
Saprovore : . . .                    (no ring)
                                     n - +3 ring of strength

@: slightly resistant to hostile enchantments, fairly stealthy
A: no striking features
a: no special abilities


You were on level 4 of the Dungeon.
You were not hungry.

You visited 2 branches of the dungeon, and saw 5 of its levels.

You collected 306 gold pieces.

Inventory:

Hand weapons
 y - a cursed -2,-1 orcish whip (weapon)
Armour
 a - a +0 elven robe (worn)
 b - a +0 elven wizard hat (worn)
Magical devices
 z - a wand of digging (6) {unknown}
 A - a wand of magic darts (9) {unknown}
Comestibles
 d - 3 bread rations
 j - a chunk of orc flesh
 o - a meat ration
 r - a pear
 B - 2 chunks of orc flesh
Scrolls
 e - 2 scrolls of fear {unknown}
 g - a scroll of identify {unknown}
 h - 3 scrolls of remove curse {unknown}
 i - 2 scrolls of teleportation {unknown}
 k - 3 scrolls of magic mapping {unknown}
 m - a scroll of random uselessness {unknown}
 p - a scroll of recharging {unknown}
 q - a scroll of enchant weapon II {unknown}
 w - a scroll of enchant weapon I {unknown}
 x - a scroll of blinking {unknown}
Jewellery
 n - a +3 ring of strength (left hand)
Potions
 f - 3 potions of curing {unknown}
 l - a potion of might {unknown}
 s - a potion of mutation {unknown}
 t - 2 potions of slowing {unknown}
 u - a potion of agility {unknown}
 v - a potion of brilliance {unknown}
Books
 c - a book of Minor Magic

   Spells                             Type                      Level
   *Magic Dart                        Conjuration                  1
   Blink                              Translocation                2
   Call Imp                           Summoning                    2
   Repel Missiles                     Charms/Air                   2
   Slow                               Hexes                        2
   *Conjure Flame                     Conjuration/Fire             3
   *Mephitic Cloud                    Conjuration/Poison/Air       3


   Skills:
 - Level 2.1 Dodging
 - Level 2.1 Stealth
 - Level 5.0 Spellcasting
 + Level 6.9 Conjurations
   Level 0.8 Summonings
   Level 1.1 Translocations


You had 8 spell levels left.
You knew the following spells:

 Your Spells              Type           Power        Failure   Level  Hunger
a - Magic Dart            Conj           ####         1%          1    None
b - Conjure Flame         Conj/Fire      ###.....     8%          3    ##.....
c - Mephitic Cloud        Conj/Pois/Air  ###.....     12%         3    ##.....


Dungeon Overview and Level Annotations

Branches:
Dungeon (4/27)             Temple (1/1) D:4

Altars:
Elyvilon
Fedhas
Kikubaaqudgha
Makhleb
Nemelex Xobeh
Sif Muna
Xom
Yredelemnul
Zin
the Shining One

Shops:
D:4 (


Message History

The gnoll barely misses the gnoll.
The gnoll is engulfed in noxious fumes.
The gnoll is engulfed in noxious fumes.
The gnoll appears confused.
You kill the gnoll!
The gnoll is engulfed in noxious fumes.
The gnoll appears confused.
A gnoll comes into view. It is wielding a whip.
The gnoll is engulfed in noxious fumes.
The gnoll appears confused.
The gnoll is engulfed in noxious fumes.
The gnoll appears confused.
You see here 18 stones.
Your magical contamination has completely faded away.
The gnoll hits you from afar with a spear.
* * * LOW HITPOINT WARNING * * *
Casting: Mephitic Cloud
Confirm with . or Enter, or press ? or * to list all spells.
Aiming: Magic Dart
Press: ? - help, Shift-Dir - straight line, f - gnoll
Aim: a gnoll, wielding a spear (lightly wounded)
The magic dart hits the gnoll.
The gnoll is severely wounded.
The gnoll hits you from afar with a spear!
You die...

#)# ### #)#
#.. #.# #.#
#.# #.# #.#
#.# ##.# #..
#.# #..# #.#
#.#######g##
#.#
#.....@(g.#
#.#
#########.#
#.# .#.
.........#
#.# ..#
########.#
#.# ..# #.#
#.##..# #.#
....#.# #.#
#.##..#####
#.#
#.........##
#.#


You could see 2 gnolls.

Vanquished Creatures
  A phantom (D:4)
  A jelly (D:4)
  A scorpion (D:4)
  A worker ant (D:4)
  3 orc wizards
  Ijyb (D:2)
  2 gnolls (D:4)
  4 adders
  An inept item mimic (D:2)
  A giant mite (D:2)
  2 worms
  A giant eyeball (D:4)
  A giant gecko (D:1)
  4 oozes
  13 orcs
  4 giant cockroaches
  9 goblins
  10 hobgoblins
  4 jackals
  2 quokkas
  10 bats
  4 giant newts
  A hobgoblin skeleton (D:4)
  5 kobolds
  4 rats
90 creatures vanquished.

Notes
Turn   | Place    | Note
--------------------------------------------------------------
     0 | D:1      | Kellhus, the High Elf Wizard, began the quest for the Orb.
     0 | D:1      | Reached XP level 1. HP: 9/9 MP: 6/6
   298 | D:1      | Reached XP level 2. HP: 15/15 MP: 0/8
   789 | D:2      | Noticed Ijyb
   907 | D:2      | Reached XP level 3. HP: 19/19 MP: 6/11
  1181 | D:2      | Reached skill level 4 in Conjurations
  1318 | D:2      | Reached XP level 4. HP: 10/25 MP: 6/14
  1480 | D:2      | Killed Ijyb
  2047 | D:3      | Reached skill level 5 in Conjurations
  2266 | D:3      | Reached XP level 5. HP: 29/29 MP: 6/16
  2370 | D:3      | Found a shimmering altar of Xom.
  2791 | D:3      | Learned a level 3 spell: Conjure Flame
  2795 | D:3      | Learned a level 3 spell: Mephitic Cloud
  2810 | D:4      | Found Eciadgh's Antique Weapon Boutique.
  2841 | D:4      | Reached skill level 6 in Conjurations
  2881 | D:4      | Noticed a phantom
  2891 | D:4      | Killed a phantom
  2891 | D:4      | Reached XP level 6. HP: 35/35 MP: 0/18
  3040 | D:4      | Found a staircase to the Ecumenical Temple.
  3061 | Temple   | Entered the Ecumenical Temple
  3266 | D:4      | Found a basalt altar of Yredelemnul.
  3293 | D:4      | Reached skill level 5 in Spellcasting
  3373 | D:4      | Slain by a gnoll

Action                   |  1- 3 |  4- 6 || total
-------------------------+-------+-------++-------
 Cast: Magic Dart        |    82 |   173 ||   255
       Mephitic Cloud    |       |     1 ||     1
